 Dungeon Crawl Stone Soup version 0.20-a0-1026-gc3ddcbd (webtiles) character file.

52 zhorgal the Cudgeler (level 4, 0/35 HPs)
             Began as a Formicid Fighter on Apr 20, 2017.
             Killed from afar by dvd's ghost (13 damage)
             ... with a puff of frost
             ... on level 4 of the Dungeon.
             The game lasted 00:06:42 (1547 turns).

zhorgal the Cudgeler (Formicid Fighter)             Turns: 1547, Time: 00:06:42

Health: 0/35       AC: 11    Str: 25    XL:     4   Next: 8%
Magic:  4/4        EV:  8    Int:  8    God:
Gold:   48         SH:  9    Dex: 10    Spells: 3/3 levels left

rFire    . . .     SeeInvis +   a - +0 flail
rCold    . . .     Gourm    .   c - +0 shield
rNeg     . . .     Faith    .   b - +0 scale mail
rPois    .         Spirit   .   (helmet unavailable)
rElec    .         Reflect  .   o - +2 cloak
rCorr    .         Harm     .   (no gloves)
MR       .....                  p - +0 pair of boots
Stlth    +.........             (no amulet)
Regen    0.2/turn               h - +4 ring of strength
MPRegen  0.1/turn               i - ring of stealth

@: no status effects
A: permanent stasis, dig shafts and tunnels, four strong arms, antennae 3
a: Dig, Shaft Self


You were on level 4 of the Dungeon.
You were hungry.

You visited 1 branch of the dungeon, and saw 3 of its levels.

You collected 48 gold pieces.

Inventory:

Hand Weapons
 a - a +0 flail (weapon)
 u - a +2 whip of electrocution
Missiles
 k - 48 stones (quivered)
 l - 38 sling bullets
 s - 6 tomahawks
 t - 56 poisoned needles
Armour
 b - a +0 scale mail (worn)
 c - a +0 shield (worn)
 o - a +2 cloak (worn)
 p - a +0 pair of boots (worn)
Jewellery
 h - a +4 ring of strength (left hand)
 i - a ring of stealth (right hand)
 w - an uncursed ring of see invisible
Wands
 A - a wand of scattershot (4/9)
Scrolls
 e - a scroll of magic mapping {unknown}
 r - a scroll of remove curse {unknown}
 v - a scroll of amnesia {unknown}
 x - a scroll of teleportation {unknown}
 y - a scroll of enchant armour {unknown}
 z - a scroll of identify {unknown}
Potions
 d - a potion of might
 j - 2 potions of curing {unknown}
 m - a potion of heal wounds {unknown}
Comestibles
 f - 4 bread rations
 g - a meat ration
 n - 6 fruits
 q - a royal jelly


   Skills:
 - Level 3.2 Fighting
 + Level 4.0 Maces & Flails
 - Level 3.2 Armour
 - Level 3.6 Shields


You had 3 spell levels left.
You didn't know any spells.

Dungeon Overview and Level Annotations

Branches:
Dungeon (2/15)

Altars:
Wu Jian

Annotations:
D:2 Terence
D:4 dvd's ghost, novice DsIE


Innate Abilities, Weirdness & Mutations

You cannot be hasted, slowed, berserked, paralysed or teleported.
You can dig through walls and to a lower floor.
Your four strong arms can wield two-handed weapons with a shield.
You have a pair of large antennae on your head. (SInv)


Message History

You are feeling hungry.
You see here a glowing whip.
u - a glowing whip
Found a jewelled wooden wand.
j - 2 black potions (gained 1) Dvd's ghost (novice Demonspawn Ice Elementalist) comes into view.
It is wielding a weapon of protection.
You see here a wand of scattershot (?/9).
A - a wand of scattershot (?/9) Dvd's ghost casts a spell at you.
The puff of frost hits you!
Dvd's ghost points at you and mumbles some strange words.
The puff of frost hits you!
You extend your mandibles.
You dig through the rock wall.
Dvd's ghost says with laughter: "And yet I knew I would end up like that..."
You retract your mandibles.
You open the door.
Dvd's ghost points at you and mumbles some strange words.
The puff of frost hits you!
You die...

#..#....# ......#
#..#...# .....# #..#...#
....# #..W...# {
....##+###..#...#
#.......#..#...##
#.......#..#....## .
#.......#..#....W#+##....
#.......#@##.......W..#
#............#+##.....#
#............# #.....#
######+#.....# #.....#
#.....# #.....# +.....#
#.....# #.....# #.....#
........ ###'#..
..........


You could see dvd's ghost.

Vanquished Creatures
  An adder (D:2)
  A gnoll (D:2)
  An ooze (D:2)
  A dart slug (D:2)
  A giant cockroach (D:2)
  A goblin (D:2)
  5 hobgoblins
  5 jackals (D:2)
  2 bats
  2 frilled lizards
  4 kobolds
  2 rats
26 creatures vanquished.

Notes
Turn   | Place    | Note
-------+----------+-------------------------------------------
     0 | D:1      | zhorgal the Formicid Fighter began the quest for the Orb.
     0 | D:1      | Reached XP level 1. HP: 18/18 MP: 1/1
   418 | D:1      | Reached XP level 2. HP: 24/24 MP: 2/2
   961 | D:2      | Noticed Terence
   985 | D:2      | Reached skill level 3 in Maces & Flails
  1098 | D:2      | Reached XP level 3. HP: 29/29 MP: 3/3
  1209 | D:2      | Found an ornate altar of the Wu Jian Council.
  1339 | D:2      | Reached skill level 4 in Maces & Flails
  1339 | D:2      | Reached XP level 4. HP: 15/35 MP: 4/4
  1342 | D:2      | You fall through a shaft for 2 floors!
  1533 | D:4      | Noticed dvd's ghost (novice DsIE)
  1547 | D:4      | Killed from afar by dvd's ghost

Vault maps used:
D:1:      dpeg_arrival_three_same_balls
D:2:      overflow_temple_1_default, first_bread, kennysheep_generic_room_6,
          uniq_terence
D:4:      vehumet_crystals, minmay_temple_entry_enclosed_plants

Skill      XL: |  1  2  3 |
---------------+----------+-----
Maces & Flails | 3 4 |  4.0
Fighting       | |  3.2
Armour         | |  3.2
Shields        | |  3.6

Action                   |  1- 3 |  4- 6 || total
-------------------------+-------+-------++-------
Melee: Flail             |    80 |       ||    80
Throw: Stone             |    46 |       ||    46
 Abil: Dig               |     1 |     1 ||     2
       Shaft Self        |       |     1 ||     1
  Eat: Chunk             |     1 |     1 ||     2
Armor: Scale mail        |    29 |     1 ||    30
Dodge: Dodged            |    24 |       ||    24
Block: Shield            |    34 |     1 ||    35
